 Dungeon Crawl Stone Soup version 0.29-a0-459-g97dee8cd24 (webtiles) character file.

Game seed: 4693711258613394942

207 croobank the Shield-Bearer (level 5, -1/47 HPs)
             Began as a Gnoll Fighter on May 20, 2022.
             Slain by a mummy (14 damage)
             ... on level 4 of the Dungeon.
             The game lasted 00:09:46 (2968 turns).

croobank the Shield-Bearer (Gnoll Fighter)          Turns: 2968, Time: 00:09:46

Health: -1/47      AC: 11    Str: 17    XL:     5   Next: 85%
Magic:  7/7        EV:  9    Int:  8    God:
Gold:   107        SH:  5    Dex: 11    Spells: 7/7 levels left

rFire   . . .      SeeInvis .   a - +0 war axe
rCold   . . .      Faith    .   c - +0 buckler
rNeg    . . .      Spirit   .   b - +0 scale mail
rPois   .          Reflect  .   (no helmet)
rElec   .          Harm     .   l - +0 cloak
rCorr   .          Rampage  .   (no gloves)
Will    .....                   i - +1 pair of boots
Stlth   ..........              (no amulet)
HPRegen 0.15/turn               (no ring)
MPRegen 0.10/turn               (no ring)

@: no status effects
A: fangs 1, strong nose, distributed training
a: no special abilities


You were on level 4 of the Dungeon.
You visited 1 branch of the dungeon, and saw 4 of its levels.

You collected 107 gold pieces.

Inventory:

Hand Weapons
 a - a +0 war axe (weapon)
 d - a +3 quarterstaff of chaos
 h - a +0 spear
 o - a +1 mace of protection
 r - a +1 antimagic halberd
Missiles
 g - 136 stones (quivered)
 k - 4 javelins
Armour
 b - a +0 scale mail (worn)
 c - a +0 buckler (worn)
 i - a +1 pair of boots (worn)
 l - a +0 cloak (worn)
Scrolls
 e - 4 scrolls of identify
 f - a scroll of fog
 n - a scroll of teleportation
 p - a scroll of enchant weapon {unknown}
Potions
 j - a potion of haste
 q - a potion of attraction


   Skills:
 + Level 6.7 Fighting
 + Level 1.6 Short Blades
 + Level 1.6 Long Blades
 + Level 4.8 Axes
 + Level 1.6 Maces & Flails
 + Level 1.6 Polearms
 + Level 1.6 Staves
 + Level 1.6 Slings
 + Level 1.6 Bows
 + Level 1.6 Crossbows
 + Level 1.6 Throwing
 + Level 6.7 Armour
 + Level 1.6 Dodging
 + Level 1.6 Stealth
 + Level 6.7 Shields
 + Level 1.6 Unarmed Combat
 + Level 1.6 Spellcasting
 + Level 1.3 Conjurations
 + Level 1.3 Hexes
 + Level 1.3 Summonings
 + Level 1.3 Necromancy
 + Level 1.3 Translocations
 + Level 1.3 Transmutations
 + Level 1.3 Fire Magic
 + Level 1.3 Ice Magic
 + Level 1.3 Air Magic
 + Level 1.3 Earth Magic
 + Level 1.3 Poison Magic
 + Level 1.9 Invocations
 + Level 1.6 Evocations


You had 7 spell levels left.
You didn't know any spells.
Your spell library contained the following spells:

 Spells                   Type           Power      Damage    Failure   Level
 Sandblast                Erth           4%         2d4       63%         1
 Blink                    Tloc           4%         N/A       77%         2
 Passwall                 Tmut/Erth      1%         N/A       77%         2
 Ignite Poison            Fire/Tmut/Pois 2%         N/A       94%         3
 Lesser Beckoning         Tloc           2%         N/A       94%         3
 Mephitic Cloud           Conj/Pois/Air  2%         N/A       94%         3
 Stone Arrow              Conj/Erth      4%         3d7       94%         3
 Freezing Cloud           Conj/Ice/Air   1%         6-21      100%        5
 Manifold Assault         Tloc           2%         N/A       100%        5


Dungeon Overview and Level Annotations

Branches:
Dungeon (4/15)
 Temple: D:4-7

Altars:
Vehumet

Portals:
Ossuary: D:4


Innate Abilities, Weirdness & Mutations

You have very sharp teeth.
Your uncanny sense of smell can sniff out nearby items.
Your experience applies equally to all skills.


Message History

Your +0 pair of boots glows green for a moment.
As you read the scroll labelled WAEROEGERA, it crumbles to dust.
You feel strangely unstable.
It was a scroll of teleportation.
Your surroundings suddenly seem different.
A mummy comes into view.
Found a sand-covered staircase.
The mummy barely misses you.
You hit the mummy but do no damage. You slash the mummy!
The mummy is heavily damaged.
The mummy closely misses you.
You barely miss the mummy.
The mummy is heavily damaged.
You block the mummy's attack.
You closely miss the mummy.
The mummy is heavily damaged.
The mummy barely misses you.
You hit the mummy but do no damage. You bite the mummy, but do no damage.
The mummy is heavily damaged.
The mummy barely misses you.
You barely miss the mummy. You bite the mummy, but do no damage.
The mummy is heavily damaged.
You hit the mummy. You bite the mummy.
The mummy is severely damaged.
The mummy hits you.
You hit the mummy but do no damage.
The mummy is severely damaged.
The mummy closely misses you.
You hit the mummy.
The mummy is almost destroyed.
The mummy hits you.
You barely miss the mummy.
The mummy is almost destroyed.
The mummy hits you!
* * * LOW HITPOINT WARNING * * *
You hit the mummy but do no damage.
The mummy is almost destroyed.
You hit the mummy but do no damage.
The mummy is almost destroyed.
The mummy hits you!
You die...

∆...##...##
#####
#.#...
....# ...#
#.. ..
###+###
#.....#
#..@#
∆##M## ##
#########


You could see a mummy.

Vanquished Creatures
  An orc priest (D:3)
  Crazy Yiuf (D:3)
  5 gnolls
  4 adders
  A worm (D:2)
  A dart slug (D:1)
  8 orcs
  2 bats
  5 endoplasms
  2 giant cockroaches
  3 goblins
  7 hobgoblins
  5 kobolds
  3 quokkas
  A ball python (D:1)
  4 frilled lizards
  4 rats
  2 bushes (D:1)
59 creatures vanquished.

Notes
Turn   | Place    | Note
-------+----------+-------------------------------------------
     0 | D:1      | croobank the Gnoll Fighter began the quest for the Orb.
     0 | D:1      | Reached XP level 1. HP: 23/23 MP: 1/1
   186 | D:1      | Found a faded altar of an unknown god.
   192 | D:1      | Reached XP level 2. HP: 29/29 MP: 2/2
  1028 | D:2      | Reached XP level 3. HP: 35/35 MP: 3/3
  1444 | D:2      | Reached skill level 1 in Invocations
  1545 | D:2      | Found a radiant altar of Vehumet.
  1597 | D:3      | Reached skill level 1 in Short Blades
  1597 | D:3      | Reached skill level 1 in Long Blades
  1597 | D:3      | Reached skill level 1 in Maces & Flails
  1597 | D:3      | Reached skill level 1 in Polearms
  1597 | D:3      | Reached skill level 1 in Staves
  1597 | D:3      | Reached skill level 1 in Slings
  1597 | D:3      | Reached skill level 1 in Bows
  1597 | D:3      | Reached skill level 1 in Crossbows
  1597 | D:3      | Reached skill level 1 in Throwing
  1597 | D:3      | Reached skill level 1 in Dodging
  1597 | D:3      | Reached skill level 1 in Stealth
  1597 | D:3      | Reached skill level 1 in Unarmed Combat
  1597 | D:3      | Reached skill level 1 in Spellcasting
  1597 | D:3      | Reached skill level 1 in Evocations
  1597 | D:3      | Reached XP level 4. HP: 41/41 MP: 5/5
  1705 | D:3      | Reached skill level 1 in Conjurations
  1705 | D:3      | Reached skill level 1 in Hexes
  1705 | D:3      | Reached skill level 1 in Summonings
  1705 | D:3      | Reached skill level 1 in Necromancy
  1705 | D:3      | Reached skill level 1 in Translocations
  1705 | D:3      | Reached skill level 1 in Transmutations
  1705 | D:3      | Reached skill level 1 in Fire Magic
  1705 | D:3      | Reached skill level 1 in Ice Magic
  1705 | D:3      | Reached skill level 1 in Air Magic
  1705 | D:3      | Reached skill level 1 in Earth Magic
  1705 | D:3      | Reached skill level 1 in Poison Magic
  2022 | D:3      | Found a runed translucent door.
  2024 | D:3      | Noticed Crazy Yiuf
  2030 | D:3      | Killed Crazy Yiuf
  2031 | D:3      | Reached XP level 5. HP: 41/47 MP: 5/7
  2956 | D:4      | Found a sand-covered staircase.
  2968 | D:4      | Slain by a mummy

Illustrated notes

Levels and vault maps discovered:
D:1:      ncdulo_wetmaze, layout_loops_ring,
          hellmonk_ecumenical_altar_heavens_door, minmay_hedge_maze
D:2:      layout_basic, basic_altar, minmay_domino_2
D:3:      layout_basic, uniq_crazy_yiuf_cottage
D:4:      layout_basic, mainiacjoe_overflow_surrounded_room,
          gup_ossuary_entry_pyramid, uniq_duvessa, uniq_sigmund

Skill      XL: |  1  2  3  4 |
---------------+-------------+-----
Invocations    | 1 |  1.9
Short Blades   | 1 |  1.6
Long Blades    | 1 |  1.6
Maces & Flails | 1 |  1.6
Polearms       | 1 |  1.6
Staves         | 1 |  1.6
Slings         | 1 |  1.6
Bows           | 1 |  1.6
Crossbows      | 1 |  1.6
Throwing       | 1 |  1.6
Dodging        | 1 |  1.6
Stealth        | 1 |  1.6
Unarmed Combat | 1 |  1.6
Spellcasting   | 1 |  1.6
Evocations     | 1 |  1.6
Conjurations   | 1 |  1.3
Hexes          | 1 |  1.3
Summonings     | 1 |  1.3
Necromancy     | 1 |  1.3
Translocations | 1 |  1.3
Transmutations | 1 |  1.3
Fire Magic     | 1 |  1.3
Ice Magic      | 1 |  1.3
Air Magic      | 1 |  1.3
Earth Magic    | 1 |  1.3
Poison Magic   | 1 |  1.3
Fighting       | |  6.7
Axes           | |  4.8
Armour         | |  6.7
Shields        | |  6.7

Action                   |  1- 3 |  4- 6 || total
-------------------------+-------+-------++-------
Melee: War axe           |   146 |    80 ||   226
       Bite              |    21 |    10 ||    31
  Use: Scroll            |     1 |     4 ||     5
       Potion            |       |     1 ||     1
Armor: Scale mail        |    39 |    36 ||    75
Dodge: Dodged            |    32 |    39 ||    71
Block: Buckler           |    23 |    37 ||    60

Table legend: (Time is in decaauts)
 A = Elapsed time spent in this place.
 B = Non-inter-level travel time spent in this place.
 C = Inter-level travel time spent in this place.
 D = Time resting spent in this place.
 E = Time spent auto-exploring this place.
 F = Levels seen in this place.
 G = Mean time per level.
                   A        B        C        D        E       F      G
               +--------+--------+--------+--------+--------+-----+--------+
         Total |   3046 |   2938 |    108 |    423 |   1903 |   4 |  761.5 |
       Dungeon |   3046 |   2938 |    108 |    423 |   1903 |   4 |  761.5 |
               +--------+--------+--------+--------+--------+-----+--------+

Top non-repeatable levels by time:
     D:3: 1272 daAuts
     D:1: 1056 daAuts
     D:2: 653 daAuts
     D:4: 63 daAuts
